Unix NetHack Version 5.0.0-0 post-release - last build Jul 19 2026 19:10:59 (3aa4ab31751d3886436d94b585a96704892fd477,branch:main).

Game began 2026-07-29 11:53:15, ended 2026-07-29 14:56:39.

Impglein, lawful male human Priest

                                                    ---
                                                   --.-----
                                                  --......--
                                                  |........|
                                                   ........
                                                   -.....
                                                   |...|
                                                   |<.--
                                              -----|...|
                                             --...-|.'@--
                                             |.....|%.....-
                                              -...-..------
                                          --- |.....%|
                                          ..|--...--.|
                                          -.||..---|.|
                                          |.---)| --.|
                                          |.....| |..--
                                          |...--- |...|
                                          |....|  --..|
                                          --..--   ----
                                           ----
Impglein the Acolyte         St:10 Dx:16 Co:12 In:9 Wi:16 Ch:12  Lawful
Dlvl:4  $:51 HP:0(21) Pw:32(35) AC:2  Xp:3 T:1154  Burdened

Latest messages:
 You have a little trouble removing a slime mold.  Continue? [ynq] (q) q
 You see here an unlocked chest containing 4 items.
 You have a little trouble removing a slime mold.  Continue? [ynq] (q) y
 You have a little trouble removing l - a slime mold.
 r - a shining spellbook.
 v - a spellbook of detect monsters.
 w - a maple wand.
 Your movements are slowed slightly because of your load.
 You see here an empty unlocked chest.
 The gnome wields 3 cursed daggers!
 The daggers weld themselves to the gnome's hand!
 You miss the gnome.
 You miss the gnome.
 The gnome thrusts one of his daggers.
 The gnome hits!
 You hit the gnome.
 You kill the gnome!
 There are several objects here.
 There is a gnome corpse here; eat it? [ynq] (n) y
 This gnome corpse tastes terrible!
 You finish eating the gnome corpse.
 You have a little trouble lifting y - an orange gem.
 What do you want to read? [ghrvx or ?*] r
 You feel threatened.
 You can move again.
 What do you want to read? [ghrvx or ?*] x
 As you read the scroll, it disappears.
 A werejackal suddenly appears next to you!
 What do you want to zap? [jnsw or ?*] ?
 In what direction? j
 The werejackal is suddenly moving faster.
 The werejackal misses!
 What do you want to zap? [jnsw or ?*] ?
 In what direction? j
 The werejackal turns into a clay golem!
 You feel shuddering vibrations.
 The clay golem hits!
 What do you want to read? [ghrv or ?*] ?
 What do you want to read? [ghrv or ?*] <space>
 Never mind.
 The air around you begins to shimmer with a golden haze.
 You hit the clay golem.
 The golden haze around you becomes less dense.
 The clay golem hits!
 You die...
 Do you want your possessions identified? [ynq] (y) y
 Do you want to see your attributes? [ynq] (y) y
 Do you want an account of creatures vanquished? [ynaq] (y) y
 Do you want to see your conduct and achievements? [ynq] (y) y
 Do you want to see the dungeon overview? [ynq] (y) y

Inventory:
 Coins    ('$')
  $ - 51 gold pieces
 Amulets  ('"')
  k - an amulet versus poison
 Weapons  (')')
  p - a +0 orcish dagger
  a - a blessed +1 mace (weapon in left hand)
 Armor    ('[')
  q - a +0 pair of speed boots (being worn)
  c - a +0 small shield (being worn)
  b - a +0 robe (being worn)
  m - a +0 studded leather armor (being worn)
 Comestibles  ('%')
  l - a slime mold
  e - a clove of garlic
  f - a sprig of wolfsbane
 Spellbooks  ('+')
  r - a spellbook of cause fear
  g - a spellbook of detect monsters
  v - a spellbook of detect monsters
  h - a spellbook of protection
 Potions  ('!')
  o - 2 potions of healing
  d - 4 potions of holy water
 Wands    ('/')
  w - a wand of polymorph (0:5)
  s - a wand of secret door detection (0:12)
  n - a blessed wand of slow monster (0:7)
  j - a wand of speed monster (0:7)
 Tools    ('(')
  i - an oil lamp
 Gems/Stones  ('*')
  y - an agate stone
  u - 2 worthless pieces of green glass
  t - a worthless piece of red glass

Impglein the Priest's attributes:

Background:
 You were an Acolyte, a level 3 human Priest.
 You were lawful, nominally on a mission for Tyr
 who was opposed by Odin (neutral) and Loki (chaotic).
 You were left-handed.
 You were in the Gnomish Mines, on level 4.
 You entered the dungeon 1154 turns ago.
 There was a full moon in effect when your adventure ended.
 You had 68 experience points, 12 more were needed to attain level 4.

Basics:
 You had 0 out of 21 hit points.
 You had 32 out of 35 energy points (spell power).
 Your armor class was 2.
 Your wallet contained 51 zorkmids.
 Autopickup was off.

Final Characteristics:
 Your strength was 10 (limit:18/100).
 Your dexterity was 16 (limit:18).
 Your constitution was 12 (limit:18).
 Your intelligence was 9 (limit:18).
 Your wisdom was 16 (limit:18).
 Your charisma was 12 (limit:18).

Final Status:
 You weren't hungry.
 You were burdened; movement was slightly slowed.
 You were wielding a mace.
 You had basic skill with mace.

Final Attributes:
 You were devoutly aligned.
 You had a small defense bonus (+1).
 You were guarded.
 Your spell casting was enhanced by wearing a robe.
 You were very fast.
 You were lucky.
 You are dead.

Miscellaneous:
 You didn't encounter any bones levels.
 Total elapsed playing time was 26 minutes and 3 seconds.

Major events:
 Turn
    1: Impglein the lawful human Priest entered the dungeon
 1080: entered the Gnomish Mines
 1081: attained the rank of Acolyte (level 3)
 1154: killed by a clay golem

Spells:
 Name                 Level Category     Fail Retention
 detect monsters        1   divination     0%  76%-100%
 protection             1   clerical       0%  91%-100%

Skills:
 Fighting Skills
   bare handed combat [Unskilled]
 Weapon Skills
   club               [Unskilled]
   mace               [Basic]
   morning star       [Unskilled]
   flail              [Unskilled]
   hammer             [Unskilled]
   quarterstaff       [Unskilled]
   polearms           [Unskilled]
   spear              [Unskilled]
   trident            [Unskilled]
   lance              [Unskilled]
   bow                [Unskilled]
   sling              [Unskilled]
   crossbow           [Unskilled]
   dart               [Unskilled]
   shuriken           [Unskilled]
   boomerang          [Unskilled]
   unicorn horn       [Unskilled]
 Spellcasting Skills
   healing spells     [Unskilled]
   divination spells  [Unskilled]
   clerical spells    [Basic]

Voluntary challenges:
 Character rerolling was not enabled.
 You were an atheist.
 You never genocided any monsters.
 You never changed form.
 You used no wishes.
Achievements:
 You entered the Gnomish Mines.
 You attained the rank of Acolyte.

 The Dungeons of Doom: levels 1 to 3
    Level 1:
       A fountain.
    Level 2:
       A fountain.
    Level 3:
       A fountain, a sink, a grave.
       Stairs down to The Gnomish Mines.
 The Gnomish Mines:
    Level 4: <- You were here.
       Final resting place for
          you, killed by a clay golem.


Vanquished creatures:
  a giant rat
  a green mold
  5 gnomes
  a gecko
  4 jackals
  a fox
  a goblin
  8 grid bugs
  2 lichens
  a newt
25 creatures vanquished.

No species were genocided or became extinct.

Game over:
                       ----------
                      /          \
                     /    REST    \
                    /      IN      \
                   /     PEACE      \
                  /                  \
                  |     Impglein     |
                  |      51 Au       |
                  | killed by a clay |
                  |      golem       |
                  |                  |
                  |                  |
                  |       2026       |
                 *|     *  *  *      | *
        _________)/\\_//(\/(/\)/\//\/|_)_______

Goodbye Impglein the Priest...

You died in The Gnomish Mines on dungeon level 4 with 498 points,
and 51 pieces of gold, after 1154 moves.
You were level 3 with a maximum of 21 hit points when you died.

